 Dungeon Crawl Stone Soup version 0.28-a0-178-ga708605c5b (webtiles) character file.

Game seed: 17216099885044900078

26 siradein the Caller (level 2, 0/19 HPs)
             Began as a Vampire Summoner on Aug 18, 2021.
             Slain by an adder (1 damage)
             ... on level 2 of the Dungeon.
             The game lasted 00:04:32 (1660 turns).

siradein the Caller (Vampire Summoner)              Turns: 1660, Time: 00:04:32

Health: 0/19       AC:  2    Str:  7    XL:     2   Next: 89%
Magic:  4/5        EV: 12    Int: 17    God:
Gold:   74         SH:  0    Dex: 14    Spells: 3/6 levels left

rFire   . . .      SeeInvis +   f - staff of earth
rCold   . . .      Faith    .   (no shield)
rNeg    . . .      Spirit   .   a - +0 robe
rPois   .          Reflect  .   (no helmet)
rElec   .          Harm     .   (no cloak)
rCorr   .          Rampage  .   (no gloves)
Will    .....                   (no boots)
Stlth   ++........              (no amulet)
HPRegen 0.26/turn               (no ring)
MPRegen 0.09/turn               (no ring)

@: healing quickly
A: alive, fangs 3, see invisible, vampiric 1
a: Exsanguinate


You were on level 2 of the Dungeon.
You visited 1 branch of the dungeon, and saw 2 of its levels.

You collected 74 gold pieces.

Inventory:

Armour
 a - a +0 robe (worn)
Magical Staves
 f - a staff of earth (weapon)
Scrolls
 b - a scroll of fear {unknown}
 c - a scroll of fog {unknown}
 d - a scroll of enchant armour {unknown}
 e - a scroll of blinking {unknown}


   Skills:
 - Level 2.1 Dodging
 - Level 3.0 Stealth
 + Level 2.7 Spellcasting
 + Level 4.5 Summonings


You had 3 spell levels left.
You knew the following spells:

 Your Spells              Type           Power      Damage    Failure   Level
a - Summon Small Mammal   Summ           68%        N/A       2%          1
b - Call Imp              Summ           17%        N/A       4%          2

Your spell library contained the following spells:

 Spells                   Type           Power      Damage    Failure   Level
 Call Canine Familiar     Summ           17%        N/A       9%          3
 Freeze                   Ice            8%         1d3       19%         1
 Summon Guardian Golem    Hex/Summ       9%         N/A       22%         3
 Dazzling Flash           Conj/Hex       4%         N/A       47%         3
 Frozen Ramparts          Ice            4%         1d2       47%         3
 Ozocubu's Armour         Ice            2%         N/A       47%         3
 Summon Lightning Spire   Summ/Air       9%         N/A       56%         4
 Airstrike                Air            1%         N/A       87%         4
 Hailstorm                Conj/Ice       2%         3d3       87%         4
 Petrify                  Tmut/Erth      3%         N/A       87%         4
 Agony                    Necr           2%         N/A       99%         5
 Lightning Bolt           Conj/Air       1%         1d12      99%         5
 Metabolic Englaciation   Hex/Ice        1%         N/A       99%         5
 Silence                  Hex/Air        1%         N/A       99%         5
 Statue Form              Tmut/Erth      2%         N/A       100%        6
 Ozocubu's Refrigeration  Ice            1%         4d5       100%        7


Dungeon Overview and Level Annotations

Branches:
Dungeon (2/15)

Altars:


Innate Abilities, Weirdness & Mutations

Your natural rate of healing is accelerated.
You have razor-sharp teeth.
You have supernaturally acute eyesight. (SInv)
You are afflicted with vampirism.


Message History

An adder is nearby!
An adder is nearby!
An adder is nearby!
An adder is nearby!
An adder is nearby!
Casting: Call Imp (safe; 4% risk of failure)
Press: ? - help, Q - select action, (/) - cycle Dir - look around, f - activate A beastly little devil appears in a puff of frigid air.
The adder bites you.
You are poisoned.
The adder poisons you!
You closely miss the adder.
You feel sick. The adder misses you.
Your white imp barely misses the adder.
You closely miss the adder.
You feel sick. The adder bites you.
Your white imp barely misses the adder.
The adder bites you but does no damage.
You closely miss the adder.
You feel sick. The adder bites you.
Your white imp completely misses the adder.
You are too injured to fight recklessly!
You are too injured to fight recklessly!
You are too injured to fight recklessly!
You feel sick.
Your white imp misses the adder.
The adder closely misses you.
You hit the adder but do no damage.
You feel sick.
Your white imp closely misses the adder.
The adder closely misses you.
You miss the adder.
You feel sick.
You are no longer poisoned.
The adder misses you.
Your white imp barely misses the adder.
The adder bites you.
* * * LOW HITPOINT WARNING * * *
Your white imp hits the adder.
Your white imp freezes the adder.
You hit the adder.
The adder is heavily wounded.
The adder bites you.
* * * LOW HITPOINT WARNING * * *
Your white imp completely misses the adder.
You barely miss the adder.
The adder is heavily wounded.
The adder barely misses you.
Your white imp misses the adder.
The adder bites you.
You die...

#.# #.#.... ########.#
#.#....
.........####.#.###
.###..........#.... #
#...#######....... #.#..
#.######
.####.#.#########.##....
.......S5.....>...####.#
#####.#@########### #.#
# #.# #.. #.# ### #..
###


You could see an adder (ally target) and a friendly white imp (summoned).

Vanquished Creatures
  2 endoplasms (D:2)
  A goblin (D:2)
3 creatures vanquished.

Vanquished Creatures (collateral kills)
  An adder (D:2)
  A ball python (D:2)
  3 bats (D:1)
  2 endoplasms (D:1)
  A giant cockroach (D:1)
  6 goblins
  A hobgoblin (D:2)
  4 kobolds (D:1)
  A quokka (D:1)
  4 frilled lizards
  3 rats (D:1)
27 creatures vanquished.

Grand Total: 30 creatures vanquished

Notes
Turn   | Place    | Note
-------+----------+-------------------------------------------
     0 | D:1      | siradein the Vampire Summoner began the quest for the Orb.
     0 | D:1      | Reached XP level 1. HP: 13/13 MP: 3/3
   599 | D:1      | Reached XP level 2. HP: 19/19 MP: 0/5
   655 | D:1      | Found a faded altar of an unknown god.
  1144 | D:1      | Learned a level 2 spell: Call Imp
  1660 | D:2      | Slain by an adder

Illustrated notes

Levels and vault maps discovered:
D:1:      dpeg_arrival_court, layout_basic,
          shapermc_ecumenical_altar_mp_highgroup
D:2:      layout_basic, uniq_jessica, uniq_robin

Action                   || total
-------------------------++-------
Melee: Unarmed           ||    13
       Staff             ||    16
       Bite              ||     4
 Cast: Summon Small Mamm ||    46
       Call Imp          ||     5
 Stab: Sleeping          ||     1
Armor: Robe              ||    11
Dodge: Dodged            ||    32

Table legend: (Time is in decaauts)
 A = Elapsed time spent in this place.
 B = Non-inter-level travel time spent in this place.
 C = Inter-level travel time spent in this place.
 D = Time resting spent in this place.
 E = Time spent auto-exploring this place.
 F = Levels seen in this place.
 G = Mean time per level.
                   A        B        C        D        E       F      G
               +--------+--------+--------+--------+--------+-----+--------+
         Total |   1662 |   1645 |     17 |     21 |   1288 |   2 |  831.0 |
       Dungeon |   1662 |   1645 |     17 |     21 |   1288 |   2 |  831.0 |
               +--------+--------+--------+--------+--------+-----+--------+

Top non-repeatable levels by time:
     D:1: 1161 daAuts
     D:2: 501 daAuts
